Map: Catalyst LE

Players

Liukar

  • Race: Protoss Protoss
  • League: Diamond
  • Spawn Location: 11:00

Amedis - Winner!

  • Race: Zerg Zerg
  • League: Diamond
  • Spawn Location: 5:00

VOD

Have the link to the VOD?

Description

Time

  • Played on: Feb. 13, 2018, 12:28 p.m.
  • Length: 6:47
Show
View Real Time Build Order
Export as new Build Order

Liukar Protoss 

Build Orders:  

Get SALT Encoding   

  12  0:00  Probe  
  13  0:12  Probe  
  14  0:20  Pylon  
  14  0:25  Probe  
  15  0:38  Probe (Chrono Boost)  
  16  0:42  Gateway  
  17  0:50  Probe (Chrono Boost)  
  17  0:55  Probe (Chrono Boost)  
  17  0:56  Assimilator  
  18  1:04  Probe  
  19  1:20  Gateway  
  19  1:28  Assimilator  
  19  1:30  Pylon  
  19  1:33  Cybernetics Core  
  19  1:38  Zealot (Chrono Boost)  
  21  1:51  Probe  
  22  1:58  Pylon  
  22  2:03  Probe  
  23  2:17  Adept (Chrono Boost)  
  24  2:23  Zealot (Chrono Boost)  
  24  2:51  Probe  
  25  3:00  Twilight Council  
  25  3:01  Pylon  
  25  3:03  Gateway  
  25  3:12  Probe  
  26  3:24  Probe  
  27  3:36  Probe  
  27  3:37  Adept x2  
  27  3:41  Shield Battery  
  32  3:57  Pylon  
  29  4:03  Dark Shrine  
  1  5:12  Dark Templar (Chrono Boost)  
  3  5:42  Dark Templar (Chrono Boost)  
  5  5:44  Pylon  
Show
View Real Time Build Order
Export as new Build Order

Amedis Zerg - Winner!

Build Orders: Pool First 

Get SALT Encoding   

  12  0:01  Drone  
  13  0:22  Spawning Pool  
  13  0:26  Drone  
  13  0:29  Drone  
  14  0:39  Extractor  
  14  0:40  Drone  
  14  0:45  Overlord  
  14  1:09  Zergling x4  
  14  1:10  Zergling x2  
  17  1:11  Queen  
  19  1:20  Zergling x2  
  20  1:34  Evolution Chamber  
  20  1:39  Zergling x2  
  20  1:40  Metabolic Boost  
  20  1:44  Zergling x2  
  21  1:53  Overlord  
  19  2:18  Zergling x2  
  19  2:19  Zergling x2  
  20  2:25  Zergling x6  
  23  2:34  Zergling x2  
  23  2:47  Zergling x2  
  22  3:00  Zergling x2  
  22  3:19  Zergling x4  
  24  3:27  Zergling x6  
  24  3:32  Baneling Nest  
  26  3:49  Zergling x4  
  27  3:59  Drone  
  26  4:13  Zergling x6  
  28  4:30  Zergling x4  
  29  4:34  Drone x2  
  28  5:00  Hatchery  
  27  5:50  Zergling x2  
  27  5:51  Zergling x4  
  30  6:15  Zergling x2  
  30  6:16  Zergling x12  
  35  6:23  Spore Crawler  
  35  6:24  Spore Crawler  
  31  6:27  Spore Crawler  
  31  6:28  Spore Crawler  
  31  6:30  Spore Crawler  
Tags
 
Add a new tag
Caveats
  • Supply blocks, unpowered buildings, or Contaminate may cause inaccurate times.
  • Supply counts are checked every 10 seconds.